 Dungeon Crawl Stone Soup version 0.28-a0-1524-ge72afd5fc6 (webtiles) character file.

Game seed: 17329413527270128386

914 hashsling the Grave Robber (level 7, -5/38 HPs)
             Began as a Deep Elf Necromancer on Jan 17, 2022.
             Slain by a two-headed ogre (16 damage)
             ... on level 5 of the Dungeon.
             The game lasted 00:24:11 (5905 turns).

hashsling the Grave Robber (Deep Elf Necromancer)   Turns: 5905, Time: 00:24:14

Health: -5/38      AC:  6    Str:  5    XL:     7   Next: 82%
Magic:  12/17      EV: 14    Int: 22    God:
Gold:   226        SH:  0    Dex: 15    Spells: 3/17 levels left

rFire   . . .      SeeInvis .   y - +4 war axe of Distant Shores {vorpal, rPois}
rCold   . . .      Faith    .   (no shield)
rNeg    . . .      Spirit   .   a - +0 robe
rPois   +          Reflect  .   (no helmet)
rElec   .          Harm     .   w - +0 cloak
rCorr   .          Rampage  .   (no gloves)
Will    .....                   l - +2 pair of boots
Stlth   ++........              (no amulet)
HPRegen 0.12/turn               (no ring)
MPRegen 0.15/turn               (no ring)

@: no status effects
A: no striking features
a: no special abilities


You were on level 5 of the Dungeon.
You visited 1 branch of the dungeon, and saw 5 of its levels.

You collected 254 gold pieces.
You spent 28 gold pieces at shops.

Inventory:

Hand Weapons
 m - a +4 dagger
 t - a +2 dagger of electrocution
 v - a +2 quarterstaff of chaos
 y - the +4 war axe of Distant Shores (weapon) {vorpal, rPois}
   (You found it on level 4 of the Dungeon)

   It inflicts extra damage upon your enemies.
   rPois:     It protects you from poison.
Missiles
 i - 14 arrows
 j - 6 javelins
Armour
 a - a +0 robe (worn)
 l - a +2 pair of boots (worn)
 w - a +0 cloak (worn)
 B - a +0 pair of gloves
Jewellery
 b - an amulet of guardian spirit
 D - a ring of fire
Wands
 q - a wand of flame (30)
 x - a wand of paralysis (7)
Scrolls
 g - 2 scrolls of noise
 o - a scroll of vulnerability {unknown}
 p - 2 scrolls of teleportation
 r - a scroll of immolation {unknown}
 s - a scroll of holy word {unknown}
 A - a scroll of blinking {unknown}
 C - a scroll of amnesia {unknown}
Potions
 c - a potion of resistance {unknown}
 d - a potion of attraction {unknown}
 e - 3 potions of heal wounds
 f - 3 potions of curing
 h - a potion of ambrosia {unknown}
 k - a potion of brilliance {unknown}
 n - a potion of invisibility {unknown}
 z - a potion of flight {unknown}


   Skills:
 + Level 1.5 Fighting
 - Level 3.6 Short Blades
 + Level 6.0 Dodging
 - Level 2.4 Stealth
 + Level 5.8 Spellcasting
 * Level 7.4 Necromancy


You had 3 spell levels left.
You knew the following spells:

 Your Spells              Type           Power      Damage    Failure   Level
a - Pain                  Necr           100%       1d9       1%          1
b - Animate Skeleton      Necr           78%        N/A       1%          1
c - Vampiric Draining     Necr           39%        2d8       1%          3
d - Animate Dead          Necr           19%        N/A       4%          4
e - Agony                 Necr           39%        N/A       12%         5

Your spell library contained the following spells:

 Spells                   Type           Power      Damage    Failure   Level
 Sandblast                Erth           12%        2d6       10%         1
 Passwall                 Tmut/Erth      5%         N/A       14%         2
 Static Discharge         Conj/Air       6%         N/A       14%         2
 Stone Arrow              Conj/Erth      12%        3d7       28%         3
 Lightning Bolt           Conj/Air       3%         1d14      95%         5
 Maxwell's Capacitive Co  Air            3%         ∞         100%        8


Dungeon Overview and Level Annotations

Branches:
Dungeon (5/15)
 Temple: D:4-7

Altars:
Trog

Shops:
D:1 [(=(?


Message History

Things that are here:
a +0 short sword; an orc corpse
Casting: Pain (safe; 1% risk of failure)
Confirm with . or Enter, or press ? or * to list all spells.
Aiming: Pain (safe; 1% risk of failure)
Press: ? - help, Shift-Dir - straight line, f - two-headed ogre
Aim: a two-headed ogre, wielding two +0 giant clubs (chance to affect: 70%)
The two-headed ogre struggles to resist.
Casting: Pain (safe; 1% risk of failure)
Confirm with . or Enter, or press ? or * to list all spells.
Aiming: Pain (safe; 1% risk of failure)
Press: ? - help, Shift-Dir - straight line, f/p - two-headed ogre
Aim: a two-headed ogre, wielding two +0 giant clubs (chance to affect: 70%)
The two-headed ogre writhes in agony.
Aiming: Paralyse
Press: ? - help, Shift-Dir - straight line, f/p - two-headed ogre
Aim: a two-headed ogre, wielding two +0 giant clubs (lightly wounded, chance to affect: 31%)
The two-headed ogre easily resists.
The two-headed ogre hits you with a +0 giant club.
The two-headed ogre misses you.
Casting: Pain (safe; 1% risk of failure)
Confirm with . or Enter, or press ? or * to list all spells.
You don't know that spell.
Aiming: Paralyse
Press: ? - help, Shift-Dir - straight line, f/p - two-headed ogre
Aim: a two-headed ogre, wielding two +0 giant clubs (lightly wounded, chance to affect: 31%)
The two-headed ogre easily resists.
The two-headed ogre completely misses you.
The two-headed ogre hits you with a +0 giant club!!
Ouch! That really hurt!
* * * LOW HITPOINT WARNING * * *
Casting: Pain (safe; 1% risk of failure)
Confirm with . or Enter, or press ? or * to list all spells.
Aiming: Vampiric Draining (safe; 1% risk of failure)
Press: ? - help, Shift-Dir - straight line, f/p - two-headed ogre
Aim: a two-headed ogre, wielding two +0 giant clubs (lightly wounded)
You draw life force from the two-headed ogre!
You feel life coursing into your body.
The two-headed ogre hits you with a +0 giant club!
You die...

#.######...##.#....# #.#
#.#................#
#.#.####...##.#....#
#..........##.#....#
#####...#####..##.#....####.
#...........................
#......................####.
#####......................
##.........@O.##?.#####
#.#####...##........ #.#
#... #.##..##. .# #...
#.##..# # #... ........ #...
..# . #..# .# ...


You could see a two-headed ogre.

Vanquished Creatures
  A troll (D:5)
  Sigmund (D:2)
  A wyvern skeleton (D:5)
  A howler monkey (D:5)
  Crazy Yiuf (D:3)
  Jessica (D:2)
  3 iguanas
  Ijyb (D:3)
  Natasha (thrice) (D:2)
  2 orc wizards (D:3)
  Terence (D:3)
  A hound skeleton (D:4)
  4 adders
  An adder skeleton (D:4)
  2 worms (D:2)
  A dart slug (D:3)
  6 orcs
  10 ball pythons
  17 bats
  6 endoplasms
  2 giant cockroaches
  6 hobgoblins
  4 quokkas
  7 frilled lizards
  8 goblins
  3 kobolds
  11 rats
105 creatures vanquished.

Notes
Turn   | Place    | Note
-------+----------+-------------------------------------------
     0 | D:1      | hashsling the Deep Elf Necromancer began the quest for the
                  | Orb.
     0 | D:1      | Reached XP level 1. HP: 10/10 MP: 6/6
    40 | D:1      | Found Cymuez's Antique Armour Boutique.
   564 | D:1      | Reached XP level 2. HP: 14/15 MP: 8/8
   566 | D:1      | Learned a level 1 spell: Animate Skeleton
   572 | D:1      | Reached skill level 5 in Necromancy
   793 | D:1      | Found Vongamusu's Magic Scroll Shoppe.
   801 | D:1      | Bought a scroll of identify for 28 gold pieces
   810 | D:1      | Found Doemmaig's Antique Weapon Boutique.
   819 | D:1      | Found Viocoip's Jewellery Shoppe.
   887 | D:1      | Found Panitzupt's Weapon Boutique.
  1710 | D:2      | Noticed Natasha
  1716 | D:2      | Noticed a crimson imp
  1719 | D:2      | Killed Natasha
  1720 | D:2      | Reached skill level 1 in Short Blades
  1720 | D:2      | Reached XP level 3. HP: 8/19 MP: 2/10
  1891 | D:2      | Noticed Natasha
  1893 | D:2      | Killed Natasha
  1894 | D:2      | Reached XP level 4. HP: 20/24 MP: 8/11
  1898 | D:2      | Learned a level 3 spell: Vampiric Draining
  1903 | D:2      | Learned a level 4 spell: Animate Dead
  2169 | D:2      | Noticed Jessica
  2172 | D:2      | Killed Jessica
  2237 | D:2      | Noticed Natasha
  2241 | D:2      | Killed Natasha
  2242 | D:2      | Reached XP level 5. HP: 24/28 MP: 8/13
  2355 | D:2      | Noticed Sigmund
  2456 | D:2      | Killed Sigmund
  2457 | D:2      | Reached skill level 5 in Dodging
  2457 | D:2      | Reached XP level 6. HP: 23/32 MP: 5/14
  2583 | D:2      | Learned a level 5 spell: Agony
  3112 | D:3      | Noticed Terence
  3159 | D:3      | Killed Terence
  3384 | D:3      | Found a bloodstained altar of Trog.
  3558 | D:3      | Reached skill level 6 in Necromancy
  3896 | D:3      | Found a runed translucent door.
  3897 | D:3      | Noticed Crazy Yiuf
  3905 | D:3      | Killed Crazy Yiuf
  4339 | D:3      | Noticed Ijyb
  4343 | D:3      | Paralysed by Ijyb for 5 turns
  4350 | D:3      | Killed Ijyb
  4351 | D:3      | Reached skill level 5 in Spellcasting
  4546 | D:4      | Identified the +4 war axe of Distant Shores {vorpal, rPois}
  4696 | D:4      | Reached XP level 7. HP: 34/36 MP: 13/16
  5179 | D:5      | Entered Level 5 of the Dungeon
  5527 | D:5      | Noticed a troll
  5561 | D:5      | Killed a troll
  5562 | D:5      | Reached skill level 1 in Fighting
  5562 | D:5      | Reached skill level 7 in Necromancy
  5775 | D:5      | Noticed a two-headed ogre
  5905 | D:5      | Slain by a two-headed ogre

Illustrated notes

Levels and vault maps discovered:
D:1:      dpeg_arrival_chambers_temple_mockup, layout_loops_ring, serial_shops,
          shop, nicolae_shop_hallway_plus, nicolae_shop_trees, shop_scrolls,
          nicolae_shop_hallway_plus, minmay_tromino_i2
D:2:      minmay_thinvault, layout_loops_ring, uniq_natasha, uniq_sigmund,
          uniq_jessica
D:3:      layout_loops_cross, mainiacjoe_overflow_concentric_impassable,
          roderic_batcave, chequers_serial_rivers_room_b,
          uniq_crazy_yiuf_cottage, uniq_terence, uniq_ijyb
D:4:      layout_rooms
D:5:      layout_basic, small_statue_intersection,
          minmay_misc_feat_more_columns, grunt_ministairs_8, corner_web_ring

Skill      XL: |  1  2  3  4  5  6  7 |
---------------+----------------------+-----
Dodging        | 3 4 5 6 |  6.0
Necromancy     | 5 6 7 |  7.4
Short Blades   | 1 2 3 |  3.6
Spellcasting   | 4 5 |  5.8
Fighting       | 1 |  1.5
Stealth        | |  2.4

Action                   |  1- 3 |  4- 6 |  7- 9 || total
-------------------------+-------+-------+-------++-------
Melee: Short sword       |     6 |       |       ||     6
       Mace              |       |     5 |       ||     5
       War axe           |       |     3 |    13 ||    16
       Dagger            |       |     2 |       ||     2
 Cast: Pain              |    50 |   107 |    41 ||   198
       Vampiric Draining |       |    10 |     3 ||    13
       Animate Skeleton  |       |     1 |     2 ||     3
       Animate Dead      |       |     1 |       ||     1
Evoke: Wand              |       |       |     3 ||     3
  Use: Scroll            |     3 |     1 |     1 ||     5
 Stab: Sleeping          |       |     1 |       ||     1
       Paralysed         |       |       |     7 ||     7
Armor: Robe              |     1 |     6 |     5 ||    12
Dodge: Dodged            |     7 |    26 |    16 ||    49

Table legend: (Time is in decaauts)
 A = Elapsed time spent in this place.
 B = Non-inter-level travel time spent in this place.
 C = Inter-level travel time spent in this place.
 D = Time resting spent in this place.
 E = Time spent auto-exploring this place.
 F = Levels seen in this place.
 G = Mean time per level.
                   A        B        C        D        E       F      G
               +--------+--------+--------+--------+--------+-----+--------+
         Total |   5917 |   5777 |    140 |      0 |   4914 |   5 | 1183.4 |
       Dungeon |   5917 |   5777 |    140 |      0 |   4914 |   5 | 1183.4 |
               +--------+--------+--------+--------+--------+-----+--------+

Top non-repeatable levels by time:
     D:2: 1682 daAuts
     D:3: 1491 daAuts
     D:1: 1358 daAuts
     D:5: 730 daAuts
     D:4: 654 daAuts
